 Dungeon Crawl Stone Soup version 0.25-b1-37-g2669288c55 (webtiles) character file.

Game seed: 11192085220239506716

45 diana the Skirmisher (level 3, 0/29 HPs)
             Began as a Demonspawn Fighter on June 6, 2020.
             Succumbed to an adder's poison
             ... on level 2 of the Dungeon.
             The game lasted 00:02:00 (885 turns).

diana the Skirmisher (Demonspawn Fighter)            Turns: 885, Time: 00:02:00

Health: 0/29       AC: 11    Str: 19    XL:     3   Next: 42%
Magic:  3/3        EV:  3    Int:  9    God:
Gold:   32         SH:  9    Dex: 12    Spells: 2/2 levels left

rFire    . . .     SeeInvis .   a - +0 flail
rCold    . . .     Gourm    .   c - +0 kite shield
rNeg     . . .     Faith    .   h - +0 plate armour
rPois    .         Spirit   .   (no helmet)
rElec    .         Reflect  .   (no cloak)
rCorr    .         Harm     .   (no gloves)
MR       .....                  (no boots)
Stlth    ..........             (no amulet)
HPRegen  0.09/turn              (no ring)
MPRegen  0.08/turn              (no ring)

@: mighty, brilliant, lethally poisoned (0 -> -1)
A: claws 1, blink, strong 1
a: Blink


You were on level 2 of the Dungeon.
You were not hungry.

You visited 1 branch of the dungeon, and saw 2 of its levels.

You collected 32 gold pieces.

Inventory:

Hand Weapons
 a - a +0 flail (weapon)
Armour
 b - a +0 scale mail
 c - a +0 kite shield (worn)
 h - a +0 plate armour (worn)
Wands
 n - a wand of iceblast (12)
 o - a wand of disintegration (16)
Scrolls
 g - a scroll of teleportation {unknown}
 i - a scroll of magic mapping {unknown}
 j - 2 scrolls of remove curse {unknown}
 k - a scroll of identify {unknown}
 l - a scroll of enchant armour {unknown}
 q - a scroll of amnesia {unknown}
Comestibles
 f - 6 rations
 m - 6 chunks of flesh


   Skills:
 + Level 3.4 Fighting
 + Level 2.3 Maces & Flails
 + Level 3.1 Armour
 + Level 3.1 Shields


You had 2 spell levels left.
You didn't know any spells.
Your spell library was empty.

Dungeon Overview and Level Annotations

Branches:
Dungeon (2/15)

Altars:


Innate Abilities, Weirdness & Mutations

You have sharp fingernails.
You can translocate small distances at will.
Your muscles are strong. (Str +2)


Message History

The giant cockroach bites you but does no damage.
You feel very mighty all of a sudden.
The giant cockroach bites you but does no damage. x2
You closely miss the giant cockroach. You block the giant cockroach's attack.
You hit the giant cockroach.
The giant cockroach is severely wounded.
* * * LOW HITPOINT WARNING * * *
You feel sick. The giant cockroach bites you.
* * * LOW HITPOINT WARNING * * *
You block the giant cockroach's attack.
Unknown command.
Your shield and plate armour prevent you from hitting the giant cockroach.
The giant cockroach is severely wounded.
You block the giant cockroach's attack. The giant cockroach barely misses you.
You closely miss the giant cockroach.
The giant cockroach is severely wounded.
You block the giant cockroach's attack.
You closely miss the giant cockroach.
The giant cockroach is severely wounded.
You die...

#.# ##.#....#..
#.# #..........
#.# #.....)....
#.# #.#####....
####.# #.# ...
#....# #.# .
#....# #.#
#...g###.#
#...Ks@..#
#...l######..#
#.....glK....#
........sS....##.
...##.###...S.#
.. #. ..####.# .
## #.# .. ..# .
..#


You could see a leopard gecko, a giant cockroach, a hobgoblin and a kobold.

Vanquished Creatures
  2 adders (D:2)
  10 giant cockroaches
  5 goblins
  A hobgoblin (D:1)
  A kobold (D:2)
  2 bats (D:1)
  A frilled lizard (D:1)
  2 rats
24 creatures vanquished.

Notes
Turn   | Place    | Note
-------+----------+-------------------------------------------
     0 | D:1      | diana the Demonspawn Fighter began the quest for the Orb.
     0 | D:1      | Reached XP level 1. HP: 18/18 MP: 1/1
   520 | D:1      | Gained mutation: You have sharp fingernails. [demonic
                  | ancestry]
   520 | D:1      | Reached XP level 2. HP: 24/24 MP: 2/2
   858 | D:2      | Reached XP level 3. HP: 22/29 MP: 3/3
   878 | D:2      | Gained mutation: Your muscles are strong. (Str +2) [potion
                  | of mutation]
   878 | D:2      | Gained mutation: You can translocate small distances at
                  | will. [potion of mutation]
   882 | D:2      | HP: 1/29 [giant cockroach (1)]
   885 | D:2      | Succumbed to an adder's poison

Illustrated notes

Levels and vault maps discovered:
D:1:      grunt_arrival_crossed_arrows, layout_loops_cross, nrook_uturn
D:2:      minmay_roachtagon, layout_basic, minmay_vboxes

Skill      XL: |  1  2 |
---------------+-------+-----
Maces & Flails | 2 |  2.3
Shields        | 3 |  3.1
Armour         | 3 |  3.1
Fighting       | |  3.4

Action                   || total
-------------------------++-------
Melee: Flail             ||   105
  Use: Potion            ||     3
Armor: Plate armour      ||   110
       Scale mail        ||     3
Dodge: Dodged            ||    15
Block: Kite shield       ||    75
